 Dungeon Crawl Stone Soup version 0.27-a0-366-g8badd94918 (webtiles) character file.

Game seed: 10741901019502937791

5 omnomnOMINOUS the Magician (level 1, 0/11 HPs)
             Began as an Octopode Hedge Wizard on Feb 16, 2021.
             Slain by a dart slug (3 damage)
             ... on level 1 of the Dungeon.
             The game lasted 00:00:42 (98 turns).

omnomnOMINOUS the Magician (Octopode Hedge Wizard)    Turns: 98, Time: 00:00:43

Health: 0/11       AC:  1    Str:  9    XL:     1   Next: 80%
Magic:  4/4        EV: 13    Int: 16    God:
Gold:   0          SH:  0    Dex: 11    Spells: 5/6 levels left

rFire    . . .     SeeInvis .   a - +0 dagger
rCold    . . .     Faith    .   (no shield)
rNeg     . . .     Spirit   .   b - +0 hat
rPois    .         Reflect  .   (no amulet)
rElec    .         Harm     .   (no ring)
rCorr    .         Rampage  .   (no ring)
Will     .....                  (no ring)
Stlth    +++.......             (no ring)
HPRegen  0.03/turn              (no ring)
MPRegen  0.09/turn              (no ring)
                                (no ring)
                                (no ring)

@: no status effects
A: almost no armour, stealthy swim, amphibious, 8 rings, constrict 8, camouflage
1, gelatinous body 1
a: no special abilities


You were on level 1 of the Dungeon.
You visited 1 branch of the dungeon, and saw 1 of its levels.

Inventory:

Hand Weapons
 a - a +0 dagger (weapon)
Armour
 b - a +0 hat (worn)


   Skills:
 + Level 2.2 Dodging
 + Level 2.6 Stealth
 + Level 3.2 Spellcasting
 + Level 1.0 Conjurations
 + Level 1.0 Summonings
 + Level 1.0 Translocations


You had 5 spell levels left.
You knew the following spells:

 Your Spells              Type           Power        Failure   Level
a - Magic Dart            Conj           20%          12%         1

Your spell library contained the following spells:

 Spells                   Type           Power        Failure   Level
 Blink                    Tloc           N/A          19%         2
 Call Imp                 Summ           5%           19%         2
 Slow                     Hex            2%           28%         2
 Conjure Flame            Conj/Fire      4%           41%         3
 Mephitic Cloud           Conj/Pois/Air  3%           43%         3


Dungeon Overview and Level Annotations

Branches:
Dungeon (1/15)

Altars:


Innate Abilities, Weirdness & Mutations

You cannot wear most types of armour.
You are very stealthy in the water. (Stealth+)
You are amphibious.
You can wear up to eight rings at the same time.
You can use your tentacles to constrict eight enemies at once.
Your skin changes colour to match your surroundings (Stealth+).
Your rubbery body absorbs attacks. (AC +1, EV +1)


Message History

The leopard gecko is severely wounded.
You constrict the leopard gecko. The leopard gecko bites you.
The leopard gecko misses you.
Unknown command.
You hit the leopard gecko.
You kill the leopard gecko!
You start resting.
HP restored.
A leopard gecko comes into view.
The helpless leopard gecko fails to defend itself.
You hit the leopard gecko.
You kill the leopard gecko!
You see here a leopard gecko corpse.
Unknown command.
Found a dagger.
A giant cockroach comes into view.
A dart slug comes into view.
Found 8 gold pieces.
Found a stone staircase leading down.
A dart slug comes into view.
Found 14 gold pieces.
The helpless giant cockroach fails to defend itself.
You puncture the giant cockroach!
You kill the giant cockroach!
You see here a giant cockroach corpse.
The dart slug launches a dart at you. The slug dart hits you.
Ouch! That really hurt!
The dart slug bites you.
* * * LOW HITPOINT WARNING * * *
You hit the dart slug. You grab the dart slug.
The dart slug is lightly wounded.
You constrict the dart slug.
The dart slug bites you but does no damage.
You hit the dart slug.
The dart slug is heavily wounded.
You constrict the dart slug. You hit the dart slug.
The dart slug is almost dead.
You constrict the dart slug. The dart slug bites you.
You die...

.. #.#. ... #...
.... #... ##.....
###. .........#.###.
#####......$.#.....
#
#...w...$....#####.
#.#............ #...
#..w@.......... #.##
##............ #.##
#..#.†...########...
##.#................
#.#........#######.
#...)......#....†..
##.#.#.....#.######
#...#.....#.#....#
##..##..###.#.....


You could see 2 dart slugs.

Vanquished Creatures
  2 leopard geckos (D:1)
  A giant cockroach (D:1)
3 creatures vanquished.

Notes
Turn   | Place    | Note
-------+----------+-------------------------------------------
     0 | D:1      | omnomnOMINOUS the Octopode Hedge Wizard began the quest for
                  | the Orb.
     0 | D:1      | Reached XP level 1. HP: 11/11 MP: 4/4
    98 | D:1      | Slain by a dart slug

Illustrated notes

Levels and vault maps discovered:
D:1:      lightli_arrival_statue_moat, layout_basic, serial_co_window_serial,
          co_window_paths_a, co_window_corner_a, co_window_paths_b,
          co_window_paths_a, co_window_of_opportunity_a,
          co_window_unsneaky_path_b, co_window_unsneaky_path_c,
          co_window_broadway_b, co_window_2corner

Action                   || total
-------------------------++-------
Melee: Dagger            ||     8
       Constrict         ||     2
 Stab: Sleeping          ||     2
Armor: Skin              ||     1
Dodge: Dodged            ||     2

Table legend: (Time is in decaauts)
 A = Elapsed time spent in this place.
 B = Non-inter-level travel time spent in this place.
 C = Inter-level travel time spent in this place.
 D = Time resting spent in this place.
 E = Time spent auto-exploring this place.
 F = Levels seen in this place.
 G = Mean time per level.
                   A        B        C        D        E       F      G
               +--------+--------+--------+--------+--------+-----+--------+
         Total |     98 |     98 |      0 |     23 |     53 |   1 |   98.0 |
       Dungeon |     98 |     98 |      0 |     23 |     53 |   1 |   98.0 |
               +--------+--------+--------+--------+--------+-----+--------+

Top non-repeatable levels by time:
     D:1: 98 daAuts
